AoeStats
← fgallardo1993

Nomad

510189834Analyzed
3v3 RM · 3d ago on Sep 29, 2026· 190m 38s· 6 players
Game mode
Random Map
Map size
210×210
Population
200
Speed
Normal
Resources
Standard
Victory
Conquest
Starting age
Dark Age
Ending age
Imperial Age
RankedLock teamsTeams togetherTeam positionsShared explorationLock speedFull tech treeHidden civsTurbo modeCheats
Victory
Defeat
🇨🇦 Khmer · Canada
523
+16
🇨🇴 Magyars · Colombia
473
+19
🇨🇴 Teutons · Colombia
458
+19
🇪🇸 Vikings · Spain
554
-19
🇪🇸 Hindustanis · Spain
534
-18
🇵🇪 Burgundians · Peru
499
-17
DAZACO
15:30 Feudal Age
15:56 Fishing Lines
17:01 Wheelbarrow
16:22 Double-Bit Axe
21:12 Castle Age
19:24 Man-at-Arms
22:31 Gillnets
22:08 Long Swordsman
22:34 Arson
22:58 Scale Mail Armor
22:42 Horse Collar
23:15 Bow Saw
23:09 Gold Mining
24:44 Hand Cart
25:43 Chain Mail Armor
25:39 Forging
26:01 Loom
26:08 Town Watch
26:31 Heavy Plow
33:15 Iron Casting
36:02 Pikeman
39:20 Elite Skirmisher
46:51 Crossbowman
47:25 Fletching
47:35 Padded Archer Armor
55:14 Imperial Age
55:21 Two-Handed Swordsman
58:03 Heavy Scorpion
59:02 Halberdier
60:26 Bodkin Arrow
66:00 Medium Warships
66:28 Double Crossbow
71:46 Chemistry
71:07 Ballistics
70:54 Siege Engineers
71:52 Town Patrol
74:57 Onager
76:50 Blast Furnace
75:51 Bracer
76:07 Leather Archer Armor
77:41 Elite Ballista Elephant
85:50 Capped Ram
88:54 Siege Ram
91:30 Scale Barding Armor
109:56 Arbalester
115:10 Heavy Warships
117:38 Ring Archer Armor
117:28 Chain Barding Armor
117:39 Parthian Tactics
121:48 Caravan
141:55 Elite Cannon Galleon
144:51 Masonry
144:52 Fortified Wall
144:33 Guard Tower
160:52 Demolition Ship
163:09 Hoardings
163:14 Architecture
mig8at
19:42 Feudal Age
25:05 Bloodlines
25:02 Town Watch
25:53 Wheelbarrow
31:10 Castle Age
33:08 Scale Barding Armor
33:04 Scale Mail Armor
33:15 Forging
34:55 Fishing Lines
38:08 Hand Cart
37:54 Town Patrol
45:07 Gillnets
48:45 Clinker Construction
50:17 Medium Warships
53:10 Double-Bit Axe
54:19 Siphons
54:38 Ballistics
54:11 Heated Shot
55:59 Iron Casting
55:40 Chain Mail Armor
55:46 Chain Barding Armor
55:21 Fletching
55:32 Padded Archer Armor
60:55 Imperial Age
62:45 Heavy Warships
63:32 Chemistry
62:56 Carvel Hull
62:49 Careening
62:54 Siege Engineers
62:42 Elite Teutonic Knight
63:43 Conscription
64:59 Ironclad
70:13 Crenellations
70:20 Masonry
70:00 Arrowslits
86:20 Onager
90:50 Horse Collar
92:39 Blast Furnace
92:09 Plate Mail Armor
105:56 Heavy Mounted Crossbowman
109:23 Elite Skirmisher
114:44 Pikeman
115:25 Squires
119:10 Bombard Tower
127:16 Hoardings
128:25 Plate Barding Armor
128:21 Plate Mail Armor
137:37 Cavalier
140:56 Paladin
Macrazy8238
23:26 Feudal Age
28:30 Wheelbarrow
28:53 Town Watch
36:28 Bloodlines
46:39 Castle Age
52:57 Double-Bit Axe
52:42 Crossbowman
53:31 Loom
54:01 Hand Cart
53:47 Town Patrol
54:10 Scale Mail Armor
54:16 Scale Barding Armor
54:02 Fletching
54:13 Padded Archer Armor
54:43 Husbandry
54:05 Light Cavalry
54:33 Man-at-Arms
54:59 Arson
72:12 Imperial Age
71:42 Masonry
71:30 Murder Holes
71:46 Careening
71:46 Clinker Construction
83:21 Hoardings
82:17 Sappers
96:48 Leather Archer Armor
96:28 Bodkin Arrow
96:49 Chain Mail Armor
96:54 Chain Barding Armor
98:27 Corvinian Army
98:28 Recurve Bow
97:49 Elite Magyar Huszar
98:50 Conscription
103:20 Chemistry
102:41 Ballistics
102:13 Guard Tower
114:15 Treadmill Crane
140:22 Medium Warships
145:48 Heated Shot
162:51 Heavy Warships
161:48 Demolition Ship
169:37 Cavalier
169:38 Hussar
185:26 Capped Ram
185:56 Heavy Scorpion
186:09 Heavy Scorpion
fgallardo1993
16:52 Feudal Age
17:33 Fishing Lines
17:50 Double-Bit Axe
19:57 Gold Mining
25:35 Wheelbarrow
29:38 Castle Age
29:35 Forging
31:41 Bloodlines
34:34 Scale Barding Armor
35:07 Husbandry
35:37 Horse Collar
38:50 Thumb Ring
39:37 Crossbowman
42:27 Heavy Plow
45:44 Ballistics
46:29 Iron Casting
50:01 Imperial Age
50:27 Heavy Cavalry Archer
52:28 Chemistry
51:29 Fletching
51:41 Padded Archer Armor
53:48 Heavy Camel Rider
56:01 Iron Casting
55:22 Bodkin Arrow
59:25 Blast Furnace
65:35 Hand Cart
64:51 Imperial Camel Rider
65:33 Stone Mining
66:40 Conscription
68:49 Bracer
77:49 Scale Mail Armor
ManeiroXXi
3:52 Loom
17:23 Feudal Age
18:20 Double-Bit Axe
18:17 Horse Collar
18:31 Stone Mining
18:56 Fletching
19:16 Gold Mining
20:27 Fishing Lines
30:21 Castle Age
28:29 Scale Barding Armor
28:49 Scale Mail Armor
29:08 Man-at-Arms
29:34 Arson
30:02 Forging
31:54 Bow Saw
32:25 Gold Shaft Mining
31:53 Heavy Plow
32:01 Gillnets
33:44 Bodkin Arrow
33:44 Guard Tower
33:50 Murder Holes
33:38 Treadmill Crane
34:56 Masonry
36:24 Town Watch
37:50 Fervor
38:06 Town Patrol
37:32 Light Cavalry
43:55 Imperial Age
42:36 Padded Archer Armor
43:12 Iron Casting
42:53 Chain Mail Armor
44:58 Bracer
45:14 Leather Archer Armor
45:20 Chain Barding Armor
45:29 Arrowslits
46:05 Ballistics
46:14 Devotion
46:30 Block Printing
48:15 Chemistry
49:15 Blast Furnace
48:51 Heated Shot
50:22 Pikeman
51:04 Squires
50:25 Long Swordsman
52:23 Crop Rotation
52:56 Two-Man Saw
53:01 Faith
53:15 Ring Archer Armor
53:02 Elite Skirmisher
54:16 Plate Mail Armor
55:02 Cavalier
56:21 Architecture
56:16 Chieftains
56:44 Sappers
57:35 Conscription
58:35 Medium Warships
59:16 Hoardings
59:42 Clinker Construction
59:39 Siphons
59:45 Careening
59:48 Elite Longship
61:17 Bogsveigar
63:18 Elite Varangian Guard
63:21 Two-Handed Swordsman
64:07 Elite Berserk
64:31 Capped Ram
65:28 Onager
66:48 Heavy Warships
67:42 Siege Ram
68:52 Siege Engineers
69:08 Carvel Hull
75:28 Crossbowman
85:48 Heavy Scorpion
110:07 Champion
113:54 Dry Dock
115:43 Arbalester
130:55 Fortified Wall
Elmo
17:56 Feudal Age
22:27 Double-Bit Axe
25:41 Horse Collar
29:31 Castle Age
27:17 Man-at-Arms
Connection lost

Rejoining the realm…

Still unreachable

The connection could not be restored.

Session expired

The server has moved on; the page needs a fresh start.